Get step-by-step instructions on how to execute this build order below. Start the game timer, and the build order will tick by so you can play in parallel with StarCraft on a second screen or mobile device.

Game Time

  0:00

Last Step

  N/A

Next Step

  12  0:04  Drone  

Upcoming Step

  13  0:11  Drone  

Don't want to look back and forth between 2 screens? Try out our Overwolf App, the Spawning Tool Build Advisor to get an in-game overlay with this build!

Complete Build Order

  12  0:04  Drone  
  13  0:11  Drone  
  14  0:28  Spawning Pool  
  14  0:31  Drone  
  14  0:37  Extractor  
  14  0:39  Drone  
  14  0:44  Overlord  
  14  1:05  Drone x2  
  16  1:27  Hatchery  
  15  1:35  Queen  
  15  1:39  Drone  
  18  1:47  Metabolic Boost  
  18  1:53  Overlord  
  18  1:58  Zergling x2  
  19  2:02  Zergling x2  
  20  2:14  Zergling x2  
  21  2:18  Queen  
  24  2:37  Drone x2  
  24  2:39  Drone  
  24  2:42  Queen  
  28  2:55  Drone  
  29  3:01  Zergling x6, Extractor  
  31  3:14  Roach Warren  
  31  3:15  Drone  
  31  3:22  Overlord  
  30  3:53  Drone x3  
  33  3:56  Roach  
  33  3:57  Roach x2  
  33  4:01  Drone x2  
  41  4:04  Drone  
  42  4:15  Evolution Chamber  
  41  4:18  Evolution Chamber  
  41  4:21  Drone x2  
  42  4:28  Drone  
  42  4:31  Overlord  
  43  4:58  Pneumatized Carapace  
  43  4:59  Baneling Nest  
  39  5:18  Zergling x2  
  39  5:19  Roach, Zergling x18  
  51  5:23  Overlord  
  51  5:26  Overlord  
  41  5:55  Roach x4, Zergling x2  
  41  5:56  Zergling x8  
  47  6:04  Drone  
  47  6:10  Ravager x3  
  51  6:14  Queen  
  48  6:34  Roach  
  48  6:35  Roach x2  
  48  6:36  Roach x2  
  51  6:57  Drone x3  
  53  7:02  Zergling x2  
  53  7:03  Zergling x10  
  57  7:12  Drone x2  
  50  7:28  Spine Crawler  
  45  7:37  Burrow  
  41  7:57  Zergling x2  
  41  7:58  Roach x4  
  46  8:15  Spine Crawler  
  42  9:02  Hatchery  
  41  9:03  Zerg Missile Weapons Level 1, Zerg Ground Armor Level 1  
  41  9:20  Spine Crawler  
  41  9:22  Spine Crawler  
  39  9:37  Drone x4  
  43  10:00  Drone x6, Queen  
  43  10:04  Drone  
  52  10:31  Drone x2  
  52  10:32  Drone x3  
  57  10:40  Drone x8  
  57  10:42  Drone  
  60  10:50  Overlord  
  60  11:09  Lair  
  60  11:18  Zergling x14  
  63  11:24  Hatchery  
  67  11:59  Overlord x3  
  67  12:00  Hatchery, Overlord x3  
  64  12:20  Hydralisk Den  
  63  12:32  Extractor  
  63  12:34  Drone x6, Extractor  
  63  12:35  Drone  
  68  13:30  Queen  
  68  13:31  Drone x2  
  72  13:41  Spine Crawler  
  72  13:42  Spine Crawler  
  72  13:44  Spine Crawler  
  72  13:45  Spine Crawler  
  68  13:49  Hatchery  
  68  13:50  Drone  
  68  13:51  Drone  
  68  13:54  Lurker Den  
  69  14:14  Zerg Ground Armor Level 2, Zerg Missile Weapons Level 2  
  69  14:24  Infestation Pit  
  68  14:37  Drone  
  68  14:38  Drone x3  
  72  15:18  Overseer  
  70  15:25  Lair  
  70  15:30  Lair  
  68  15:41  Spore Crawler  
  68  15:42  Spine Crawler  
  66  15:43  Spore Crawler, Spine Crawler  
  66  15:44  Spore Crawler, Hydralisk x13  
  66  15:45  Hydralisk x6  
  99  15:52  Muscular Augments  
  99  15:58  Drone x3  
  99  15:59  Drone  
  118  16:27  Lurker x3  
  121  17:00  Overlord  
  121  17:01  Overlord x14  
  60  17:56  Queen  
  52  18:07  Roach x8  
  52  18:08  Roach x6, Zergling x4  
  52  18:09  Zergling x4  
  82  18:13  Roach  
  82  18:19  Roach x2  
  78  18:20  Drone x5  
  78  18:22  Roach  
  37  19:07  Drone x10  
  37  19:08  Drone x2